 Dungeon Crawl Stone Soup version 0.22-a0-512-g0943f25 (webtiles) character file.

343 Mgcat the Cleaver (level 6, 0/50 HPs)
             Began as a Hill Orc Gladiator on June 18, 2018.
             Was an Initiate of Okawaru.
             Succumbed to an orc wizard's poison
             ... on level 4 of the Dungeon.
             The game lasted 00:08:51 (3778 turns).

Mgcat the Cleaver (Hill Orc Gladiator)              Turns: 3778, Time: 00:08:52

Health: 0/50       AC: 11    Str: 19    XL:     6   Next: 57%
Magic:  6/6        EV: 10    Int:  8    God:    Okawaru [......]
Gold:   110        SH:  0    Dex: 12    Spells: 5/5 levels left

rFire    + . .     SeeInvis .   i - +1 broad axe (pain)
rCold    + . .     Gourm    .   (no shield)
rNeg     . . .     Faith    .   m - +0 plate armour
rPois    +         Spirit   .   (helmet restricted)
rElec    +         Reflect  .   (no cloak)
rCorr    +         Harm     .   h - +0 pair of gloves
MR       .....                  (no boots)
Stlth    ..........             (no amulet)
HPRegen  0.16/turn              n - ring of stealth {Stlth+}
MPRegen  0.10/turn              k - +4 ring of evasion

@: lethally poisoned (0 -> -31), resistant
A: horns 2
a: Renounce Religion


You were on level 4 of the Dungeon.
You worshipped Okawaru.
Okawaru was noncommittal.
You were hungry.

You visited 1 branch of the dungeon, and saw 4 of its levels.
You also visited: Sewer.

You collected 110 gold pieces.

Inventory:

Hand Weapons
 a - a +0 war axe
 e - a +0 war axe
   (You took it off an orc priest on level 3 of the Dungeon)
 i - a +1 broad axe of pain (weapon)
   (You found it in a sewer)
Missiles
 d - 3 throwing nets (quivered) {=f, !d}
Armour
 c - a +0 helmet
 h - a +0 pair of gloves (worn)
   (You found it on level 1 of the Dungeon)
 m - a +0 plate armour (worn)
   (You found it on level 2 of the Dungeon)
Jewellery
 k - a +4 ring of evasion (right hand)
   (You found it on level 3 of the Dungeon)
 n - a ring of stealth (left hand) {Stlth+}
   (You found it on level 2 of the Dungeon)
Scrolls
 b - a scroll of remove curse
 j - a scroll of fog
Potions
 l - a potion of brilliance
Comestibles
 f - 4 rations


   Skills:
 - Level 2.4 Fighting
 + Level 9.4 Axes
 - Level 1.7 Throwing
 - Level 2.4 Dodging


You had 5 spell levels left.
You didn't know any spells.
Your spell library was empty.

Dungeon Overview and Level Annotations

Branches:
Dungeon (4/15)
 Temple: D:4-7

Altars:
Kikubaaqudgha
Makhleb
Okawaru
Qazlal
Trog


Innate Abilities, Weirdness & Mutations

You have a pair of horns on your head.


Message History

A frilled lizard is nearby!
An orc comes into view. It is wielding a hand axe.
You feel sick.
The orc shouts!
You closely miss the frilled lizard.
The frilled lizard bites you but does no damage.
You hit the frilled lizard.
You kill the frilled lizard!
You feel sick.
An orc wizard comes into view. It is wielding a dagger.
A worker ant comes into view.
An orc wizard comes into view. It is wielding a dagger of venom.
The orc wizard shouts! x2
The worker ant twitches its antennae in your direction.
You hear a shout!
An orc comes into view. It is wielding a war axe.
The orc hits you but does no damage.
You slash the orc!
You kill the orc!
Okawaru accepts your kill. The orc wizard casts a spell at you.
The puff of flame hits you!
You feel sick.
You are no longer poisoned.
The orc wizard mumbles some strange words.
The orc wizard flickers and vanishes!
Deactivating autopickup; reactivate with Ctrl-A.
An orc priest comes into view.
You closely miss the worker ant. The worker ant barely misses you.
You slash the worker ant!
The worker ant is heavily wounded.
The worker ant closely misses you.
You closely miss the worker ant. You headbutt the worker ant.
The worker ant is severely wounded.
The worker ant barely misses you. The worker ant bites you.
You are poisoned.
The worker ant poisons you!
You are too injured to fight recklessly!
You are too injured to fight recklessly!
You barely miss the worker ant. Your headbutt misses the worker ant.
The worker ant is severely wounded.
You feel sick. The worker ant misses you.
You slash the worker ant!
You kill the worker ant!
Okawaru accepts your kill.
The orc wizard hits you but does no damage.
You hit the orc wizard.
The orc wizard is moderately wounded.
You feel sick. The orc wizard closely misses you.
You slash the orc wizard!
You kill the orc wizard!
Okawaru accepts your kill.
You slash the orc!
You kill the orc!
Okawaru accepts your kill.
A magic dart appears from out of thin air!
The magic dart hits you!
You feel sick. Something hits you but does no damage.
You are more poisoned.
Items here: )) [ † a war axe; a dagger; a robe; an orc corpse You barely miss something.
You feel sick. Something hits you but does no damage.
You are more poisoned.
Your plate armour prevents you from hitting something.
You feel sick. Something hits you but does no damage.
You are more poisoned.
Your plate armour prevents you from hitting something.
Your headbutt misses something.
You feel very sick. Something hits you but does no damage.
You are lethally poisoned!
You miss something.
You feel sick.
You hear some strange, mumbled words.
A magic dart appears from out of thin air!
The magic dart hits you!
* * * LOW HITPOINT WARNING * * *
Something hits you but does no damage.
You are more poisoned.
You miss something.
* * * LOW HITPOINT WARNING * * *
You feel very sick. Something hits you but does no damage.
You closely miss something.
* * * LOW HITPOINT WARNING * * *
You feel very sick.
You hear some strange, mumbled words.
Something tries to affect you, but you resist.
It was a potion of resistance.
You feel protected.
* * * LOW HITPOINT WARNING * * *
You feel sick. Something hits you.
* * * LOW HITPOINT WARNING * * *
You are more poisoned.
Okay, then.
As you read the scroll of fear, it crumbles to dust.
You assume a fearsome visage.
* * * LOW HITPOINT WARNING * * *
You feel very sick.
You die...

.#############...##..##
......................+
......................#
.....................#
.....#....#..##..##..#
..o.......+..##..##
.).. .#...)...#..#....#
....
.........##.)#...## ##.
..#(.....##@.#...# #
........{.)..#...# .#
#####....##..##..# ..#
.......######..##...#
........+...#..>.....#
###...#+##..#...##...#
.. ####...##..###'##..#
..#
..##..#...#...##..##..#
...
.........#..(....'...#
...


There were no monsters in sight!

Vanquished Creatures
  2 orc priests (D:3)
  2 orc wizards
  A worker ant (D:4)
  11 adders
  4 worms
  2 leopard geckos (D:2)
  9 orcs
  12 bats
  5 giant cockroaches
  5 goblins
  8 hobgoblins
  8 kobolds
  3 quokkas
  2 ball pythons
  10 frilled lizards
  12 rats
96 creatures vanquished.

Notes
Turn   | Place    | Note
-------+----------+-------------------------------------------
     0 | D:1      | Mgcat the Hill Orc Gladiator began the quest for the Orb.
     0 | D:1      | Reached XP level 1. HP: 18/18 MP: 1/1
   163 | D:1      | Reached XP level 2. HP: 20/25 MP: 2/2
   280 | D:1      | Reached skill level 5 in Axes
   671 | D:1      | Reached XP level 3. HP: 30/30 MP: 3/3
  1159 | D:2      | Reached skill level 6 in Axes
  1331 | D:2      | Found an iron altar of Okawaru.
  1357 | D:2      | Became a worshipper of Warmaster Okawaru
  1367 | D:2      | Reached XP level 4. HP: 35/37 MP: 4/4
  1827 | D:2      | Noticed a moth of wrath
  1830 | D:2      | Found a bloodstained altar of Trog.
  1870 | D:2      | Reached skill level 7 in Axes
  1878 | D:2      | HP: 6/37 [worm (4)]
  1887 | D:2      | HP: 9/37 [worm (1)]
  2118 | D:3      | Reached XP level 5. HP: 42/42 MP: 5/5
  2215 | D:3      | Found a stormy altar of Qazlal.
  2215 | D:3      | Found a burning altar of Makhleb.
  2268 | D:3      | Reached skill level 8 in Axes
  2317 | D:3      | Found a glowing drain.
  2341 | D:3      | Gained mutation: You have a pair of small horns on your head. [potion of mutation]
  2341 | D:3      | Gained mutation: You have a pair of horns on your head. [potion of mutation]
  2346 | D:3      | HP: 10/42 [poisoned by an adder]
  2352 | D:3      | HP: 8/42 [poisoned by an adder]
  2360 | D:3      | HP: 7/42 [poisoned by an adder]
  2368 | D:3      | HP: 7/42 [poisoned by an adder]
  2544 | Sewer    | Entered a sewer
  2697 | Sewer    | Noticed Purgy
  2969 | D:3      | Reached XP level 6. HP: 40/50 MP: 6/6
  3174 | D:3      | Reached skill level 9 in Axes
  3414 | D:3      | Found an ancient bone altar of Kikubaaqudgha.
  3774 | D:4      | HP: 12/50 [poisoned by an orc wizard]
  3776 | D:4      | HP: 5/50 [something (2)]
  3777 | D:4      | HP: 2/50 [poisoned by an orc wizard]
  3778 | D:4      | Succumbed to an orc wizard's poison

Vault maps used:
D:1:      sevenhm_arrival_forest_fort_large_4
D:2:      lemuel_crystal_altar, tgw_trog
D:3:      marbit_many_paths, gammafunk_temple_overflow_elements,
          cheibrodos_sewer_entry_drain
D:4:      serial_bayou_pond_b, hangedman_decor_lopped
Sewer:    sewer_co_purgy_island

Skill      XL: |  1  2  3  4  5  6 |
---------------+-------------------+-----
Axes           | 5 6 7 8 9 |  9.4
Fighting       | |  2.4
Throwing       | |  1.7
Dodging        | |  2.4

Action                   |  1- 3 |  4- 6 || total
-------------------------+-------+-------++-------
Melee: War axe           |   111 |   168 ||   279
       Broad axe         |       |    74 ||    74
       Headbutt          |       |    13 ||    13
Throw: Throwing net      |     3 |       ||     3
  Use: Potion            |     3 |     6 ||     9
       Scroll            |       |     6 ||     6
  Eat: Chunk             |     2 |     7 ||     9
Armor: Leather armour    |    38 |       ||    38
       Chain mail        |    12 |       ||    12
       Plate armour      |    32 |   168 ||   200
       Skin              |     6 |       ||     6
Dodge: Dodged            |    84 |    67 ||   151

Table legend:
 A = Spawn XP
 B = Non-spawn XP
 C = Spawn XP percentage of total XP
 D = Spawn monster count
 E = Non-spawn monster count
 F = Spawn count percentage of total count
 G = Total turns spent on level
                    A         B        C        D         E        F      G
               +---------+---------+-------+---------+---------+-------+---------
         Total |       0 |     490 |   0.0 |       0 |      96 |   0.0 |  3778
               +---------+---------+-------+---------+---------+-------+---------
           D:1 |       0 |      38 |   0.0 |       0 |      26 |   0.0 |  1009
           D:2 |       0 |     110 |   0.0 |       0 |      26 |   0.0 |  1089
           D:3 |       0 |     235 |   0.0 |       0 |      34 |   0.0 |  1304
           D:4 |       0 |      89 |   0.0 |       0 |       6 |   0.0 |    99
         Sewer |       0 |      18 |   0.0 |       0 |       4 |   0.0 |   277
               +---------+---------+-------+---------+---------+-------+---------

Vault maps used:
D:1:      sevenhm_arrival_forest_fort_large_4
D:2:      lemuel_crystal_altar, tgw_trog
D:3:      marbit_many_paths, gammafunk_temple_overflow_elements,
          cheibrodos_sewer_entry_drain
D:4:      serial_bayou_pond_b, hangedman_decor_lopped
Sewer:    sewer_co_purgy_island

Table legend:
 A = Turns spent in this place as a percentage of turns spent in the entire game.
 B = Non-inter-level travel turns spent in this place as a percentage of non-inter-level travel turns spent in the entire game.
 C = Inter-level travel turns spent in this place as a percentage of turns spent in this place.
 D = Turns resting spent in this place as a percentage of non-inter-level travel turns spent in this place.
 E = Turns spent auto-exploring this place as a percentage of non-inter-level travel turns spent in this place.
 F = Non-inter-level travel turns spent in this place divided by the number of levels of this place that you've seen.
                   A       B       C       D       E      F
               +-------+-------+-------+-------+-------+----------------------
         Total | 100.0 | 100.0 |   2.0 |  14.9 |  61.1 | 740.2
       Dungeon |  92.7 |  92.5 |   2.2 |   9.9 |  65.6 | 856.0
         Sewer |   7.3 |   7.5 |   0.0 |  76.5 |   5.1 | 277.0
               +-------+-------+-------+-------+-------+----------------------

Table legend:
 A = Kills in this place as a percentage of kills in entire the game.
 B = Kills by you in this place as a percentage of kills by you in the entire game.
 C = Kills by friends in this place as a percentage of kills by friends in the entire game.
 D = Other kills in this place as a percentage of other kills in the entire game.
 E = Experience gained in this place as a percentage of experience gained in the entire game.
 F = Experience gained in this place divided by the number of levels of this place that you have seen.
                   A       B       C       D       E      F
               +-------+-------+-------+-------+-------+----------------------
         Total | 100.0 | 100.0 |   N/A |   N/A | 100.0 |  98.0
       Dungeon |  95.8 |  95.8 |   N/A |   N/A |  96.3 | 118.0
         Sewer |   4.2 |   4.2 |   N/A |   N/A |   3.7 |  18.0
               +-------+-------+-------+-------+-------+----------------------
